 Dungeon Crawl Stone Soup version 0.22.1-2-g9c5b331383 (webtiles) character file.

3131 McIrco the Covert (level 9, -4/61 HPs)
             Began as a Vampire Assassin on Jan 5, 2019.
             Slain by a killer bee (10 damage)
             ... on level 7 of the Dungeon.
             The game lasted 00:24:20 (14388 turns).

McIrco the Covert (Vampire Assassin)               Turns: 14388, Time: 00:24:22

Health: -4/61      AC:  0    Str: 11    XL:     9   Next: 61%
Magic:  7/9        EV: 29    Int: 14    God:
Gold:   317        SH:  0    Dex: 22    Spells: 8/8 levels left

rFire    . . .     SeeInvis +   (weapon currently unavailable)
rCold    + + .     Gourm    .   (shield currently unavailable)
rNeg     + + +     Faith    .   (armour currently unavailable)
rPois    ∞         Spirit   .   (helmet currently unavailable)
rElec    .         Reflect  .   (cloak currently unavailable)
rCorr    .         Harm     .   (gloves currently unavailable)
MR       .....                  (boots currently unavailable)
Stlth    ++++++++..             (no amulet)
HPRegen  0.00/turn              (ring currently unavailable)
MPRegen  0.11/turn              (ring currently unavailable)

@: bat-form, flying, bloodless, non-regenerating, very quick
A: tiny, fangs 3, see invisible
a: End Transformation


You were on level 7 of the Dungeon.
You were bloodless.
You were in vampire-bat-form.
You visited 2 branches of the dungeon, and saw 8 of its levels.

You collected 317 gold pieces.

Inventory:

Hand Weapons
 b - a +0 blowgun
 h - a +0 dagger of venom
 x - a +1 dagger of draining (melded)
Missiles
 e - 8 poisoned needles
 f - 2 curare-tipped needles
Armour
 d - a +0 cloak (melded)
 A - the +3 ring mail "Luinnose" (melded) {rF++ MP+9}
   (You found it on level 5 of the Dungeon)

   It greatly protects you from fire.
   It affects your magic capacity (+9).
 C - a +0 helmet (melded)
Magical Staves
 s - an uncursed staff of summoning
 B - an uncursed staff of fire
Jewellery
 y - a ring of fire (melded)
Wands
 g - a wand of enslavement (10)
 E - a wand of disintegration (19)
Scrolls
 k - 3 scrolls of remove curse
 l - 5 scrolls of identify {unknown}
 n - a scroll of enchant weapon {unknown}
 o - a scroll of magic mapping {unknown}
 q - 3 scrolls of teleportation {unknown}
 r - a scroll of random uselessness {unknown}
 t - a scroll of blinking {unknown}
Potions
 c - a potion of berserk rage {unknown}
 j - a potion of agility {unknown}
 m - 4 potions of degeneration {unknown}
 p - 5 potions of heal wounds {unknown}
 u - a potion of brilliance {unknown}
 v - 15 potions of blood
 z - 2 potions of mutation {unknown}
 D - a potion of resistance {unknown}
 F - a potion of lignification {unknown}


   Skills:
 - Level 1.7 Fighting
 + Level 8.7 Short Blades
 - Level 1.5 Throwing
 * Level 7.9 Dodging
 + Level 13.7 Stealth


You had 8 spell levels left.
You didn't know any spells.
Your spell library contained the following spells:

 Spells                   Type           Power        Failure   Level  Hunger
 Magic Dart               Conj           #...         28%         1    ##.....
 Blink                    Tloc           N/A          41%         2    ###....
 Call Imp                 Summ           #.......     41%         2    ###....
 Slow                     Hex            #.......     41%         2    ###....
 Conjure Flame            Conj/Fire      #.......     65%         3    ####...
 Mephitic Cloud           Conj/Pois/Air  #.......     65%         3    ####...


Dungeon Overview and Level Annotations

Branches:
Dungeon (7/15)             Temple (1/1) D:4

Altars:
Ashenzari
Dithmenos
Elyvilon
Fedhas
Gozag
Makhleb
Nemelex Xobeh
Okawaru
Uskayaw
Vehumet
Wu Jian
Yredelemnul
Zin
The Shining One

Annotations:
D:5 2 runed doors, chimenez's ghost, novice FoFi


Innate Abilities, Weirdness & Mutations

You do not heal naturally.
You are immune to poison.
You have razor-sharp teeth.
You have supernaturally acute eyesight. (SInv)
((You can survive without breathing.))


Message History

The killer bee is lightly wounded.
The killer bee stings you.
* * * LOW HITPOINT WARNING * * *
You miss the killer bee.
The killer bee is lightly wounded.
The killer bee misses you.
You hit the killer bee.
The killer bee is lightly wounded.
The killer bee stings you but does no damage.
Unknown command.
Unknown command.
Okay, then.
Unknown command.
You turn into a vampire bat.
Your +1 dagger of draining melds into your body.
Your +0 cloak melds into your body.
Your +0 helmet melds into your body.
The +3 ring mail "Luinnose" {rF++ MP+9} melds into your body.
Your ring of fire melds into your body.
The killer bee closely misses you. The killer bee stings you!
You die...

# # # # # #
.######### #####
.........##########
.....
.........Syb.......
###..
.....%...y#########
#.. ..........####
#.. .........y...##
#.. ##..##.##8.y8#
#####..
#.###.#_†..._#
##....(.
#...#.###..###
#..##### #>..#.#
$..._######.##
#.....#
#.?###......#


You could see 2 killer bees and an adder.

Vanquished Creatures
  Pikel (D:6)
  Eustachio (D:4)
  Edmund (D:4)
  Menkaure (D:7)
  Duvessa (D:4)
  2 sky beasts
  2 orc warriors (D:7)
  A slave (D:6)
  4 centaurs
  4 ogres
  A big kobold (D:7)
  3 bullfrogs
  Dowan (D:4)
  2 killer bees (D:7)
  A howler monkey (D:4)
  A bullfrog zombie (D:6)
  2 hounds
  2 jellies
  2 orc wizards
  A bullfrog skeleton (D:6)
  2 iguanas
  3 orc priests (D:6)
  Ijyb (D:4)
  4 worker ants
  2 hound skeletons
  8 adders
  2 shadow imps
  2 oozes (D:4)
  An adder skeleton (D:7)
  3 worms
  4 dart slugs
  4 leopard geckos
  17 orcs
  11 bats
  5 giant cockroaches
  13 goblins
  6 hobgoblins
  16 jackals
  9 kobolds
  A quokka (D:4)
  5 frilled lizards
  A jackal skeleton (D:4)
  A leopard gecko skeleton (D:5)
  A quokka skeleton (D:4)
  10 rats
166 creatures vanquished.

Vanquished Creatures (others)
  A centaur zombie (D:6)
  A jelly (D:6)
  A worker ant (D:6)
3 creatures vanquished.

Grand Total: 169 creatures vanquished

Notes
Turn   | Place    | Note
-------+----------+-------------------------------------------
     0 | D:1      | McIrco the Vampire Assassin began the quest for the Orb.
     0 | D:1      | Reached XP level 1. HP: 16/16 MP: 1/1
     2 | D:1      | Noticed a demigod
     2 | D:1      | Noticed a dwarf
     4 | D:1      | Noticed a vampire
     4 | D:1      | Noticed a human
     6 | D:1      | Noticed a merfolk
     6 | D:1      | Noticed a centaur
     8 | D:1      | Noticed a gargoyle
     8 | D:1      | Noticed a ghoul
    10 | D:1      | Noticed a naga
    10 | D:1      | Noticed a minotaur
    12 | D:1      | Noticed an elf
    12 | D:1      | Noticed an ogre
    14 | D:1      | Noticed an octopode
    14 | D:1      | Noticed a demonspawn
    16 | D:1      | Noticed a vine stalker
    16 | D:1      | Noticed a troll
    20 | D:1      | Noticed a draconian
    22 | D:1      | Noticed a felid
    22 | D:1      | Noticed a tengu
    24 | D:1      | Noticed a halfling
    26 | D:1      | Noticed a spriggan
    26 | D:1      | Noticed a formicid
    34 | D:1      | Reached skill level 6 in Stealth
  2551 | D:1      | Reached XP level 2. HP: 21/22 MP: 2/2
  3336 | D:1      | Reached skill level 7 in Stealth
  3572 | D:2      | Reached XP level 3. HP: 27/27 MP: 3/3
  4156 | D:3      | Reached skill level 8 in Stealth
  4156 | D:3      | Reached XP level 4. HP: 24/33 MP: 4/4
  4695 | D:3      | Noticed an ogre
  4698 | D:3      | Killed an ogre
  4698 | D:3      | Reached skill level 9 in Stealth
  4698 | D:3      | Reached XP level 5. HP: 38/38 MP: 5/5
  5191 | D:4      | Reached XP level 6. HP: 44/44 MP: 6/6
  5240 | D:4      | Reached skill level 10 in Stealth
  5427 | D:4      | Noticed Duvessa
  5427 | D:4      | Noticed Dowan
  6761 | D:4      | Killed Duvessa
  7692 | D:4      | Killed Dowan
  7692 | D:4      | Reached XP level 7. HP: 19/49 MP: 7/7
  8221 | D:4      | Found a staircase to the Ecumenical Temple.
  8227 | Temple   | Entered the Ecumenical Temple
  8384 | D:4      | Noticed Ijyb
  8386 | D:4      | Killed Ijyb
  8386 | D:4      | Reached skill level 11 in Stealth
  8725 | D:4      | Got a smoking dagger
  8726 | D:4      | Identified the +1 dagger of Foolhardiness {drain, SInv}
                  | (You found it on level 4 of the Dungeon)
  8757 | D:4      | Noticed Eustachio
  8761 | D:4      | Killed Eustachio
  8761 | D:4      | Reached skill level 5 in Short Blades
  8975 | D:4      | Noticed Edmund
  9062 | D:4      | Killed Edmund
  9100 | D:4      | Reached skill level 12 in Stealth
  9642 | D:5      | Entered Level 5 of the Dungeon
  9692 | D:5      | Reached XP level 8. HP: 25/55 MP: 8/8
 10725 | D:5      | Got a warped ring mail
 10746 | D:5      | Identified the +3 ring mail "Luinnose" {rF++ MP+9} (You
                  | found it on level 5 of the Dungeon)
 10994 | D:5      | Found a runed door.
 11179 | D:5      | Found a runed door.
 11185 | D:5      | Noticed chimenez's ghost (novice FoFi)
 11338 | D:6      | Found a white marble altar of Elyvilon.
 11541 | D:6      | Reached skill level 5 in Dodging
 12162 | D:6      | Noticed Pikel
 12214 | D:6      | Killed Pikel
 12214 | D:6      | Reached skill level 13 in Stealth
 12214 | D:6      | Reached XP level 9. HP: 28/61 MP: 9/9
 13986 | D:7      | Noticed Menkaure
 14139 | D:7      | Killed Menkaure
 14341 | D:7      | Found a shadowy altar of Dithmenos.
 14341 | D:7      | Found a burning altar of Makhleb.
 14343 | D:7      | Found a sparkling altar of Nemelex Xobeh.
 14388 | D:7      | Slain by a killer bee

Skill      XL: |  1  2  3  4  5  6  7  8  9 |
---------------+----------------------------+-----
Stealth        | 6 7 8 9 10 12 13 | 13.7
Short Blades   | 3 4 5 7 8 |  8.7
Dodging        | 2 3 4 6 7 |  7.9
Fighting       | |  1.7
Throwing       | |  1.5

Action                   |  1- 3 |  4- 6 |  7- 9 || total
-------------------------+-------+-------+-------++-------
Melee: Dagger            |    90 |   121 |   514 ||   725
       Bite              |     3 |    12 |    58 ||    73
       Unarmed           |       |    10 |     9 ||    19
 Abil: Bat Form          |       |     2 |     4 ||     6
       End Transformatio |       |     2 |     3 ||     5
  Use: Potion            |     1 |     5 |     8 ||    14
       Scroll            |       |       |     1 ||     1
 Stab: Sleeping          |    25 |    12 |    19 ||    56
       Distracted        |       |       |     3 ||     3
  Eat: Corpse            |       |       |     1 ||     1
Armor: Robe              |    18 |    24 |    19 ||    61
       Ring mail         |       |       |    95 ||    95
Dodge: Dodged            |    38 |    57 |   315 ||   410
